 Dungeon Crawl Stone Soup version 0.28.0-53-g5a82cb258f (webtiles) character file.

Game seed: 7910206890965415591

3 Zeld the Ruffian (level 1, -3/19 HPs)
             Began as an Ogre Transmuter on May 22, 2022.
             Slain by a kobold
             ... wielding a +2 whip of freezing
              (4 damage)
             ... on level 1 of the Dungeon.
             The game lasted 00:00:44 (160 turns).

Zeld the Ruffian (Ogre Transmuter)                   Turns: 160, Time: 00:00:45

Health: -3/19      AC:  3    Str: 13    XL:     1   Next: 50%
Magic:  3/4        EV:  9    Int: 14    God:
Gold:   12         SH:  0    Dex:  9    Spells: 4/5 levels left

rFire   . . .      SeeInvis .     - Unarmed
rCold   . . .      Faith    .   (no shield)
rNeg    . . .      Spirit   .   a - +0 robe
rPois   .          Reflect  .   (helmet currently unavailable)
rElec   .          Harm     .   (no cloak)
rCorr   .          Rampage  .   (gloves unavailable)
Will    .....                   (boots unavailable)
Stlth   +.........              (no amulet)
HPRegen 0.06/turn               (no ring)
MPRegen 0.09/turn               (no ring)

@: appendages (expiring)
A: horns 2, talons 2, large, unfitting armour, tough skin 1
a: End Transformation


You were on level 1 of the Dungeon.
You had temporarily grown beastly horns and talons.
You visited 1 branch of the dungeon, and saw 1 of its levels.

You collected 12 gold pieces.

Inventory:

Armour
 a - a +0 robe (worn)


   Skills:
 + Level 1.5 Fighting
 - Level 1.7 Dodging
 - Level 2.6 Unarmed Combat
 * Level 2.5 Spellcasting
 * Level 1.9 Transmutations
 + Level 0.0 Ice Magic
 + Level 0.0 Poison Magic


You had 4 spell levels left.
You knew the following spells:

 Your Spells              Type           Power      Damage    Failure   Level
a - Beastly Appendage     Tmut           14%        N/A       11%         1

Your spell library contained the following spells:

 Spells                   Type           Power      Damage    Failure   Level
 Wereblood                Tmut           7%         N/A       16%         2
 Spider Form              Tmut/Pois      4%         N/A       41%         3
 Ice Form                 Ice/Tmut       4%         N/A       83%         4
 Malign Gateway           Summ/Tloc      0%         N/A       100%        7
 Summon Horrible Things   Summ           0%         N/A       100%        8


Dungeon Overview and Level Annotations

Branches:
Dungeon (1/15)

Altars:


Innate Abilities, Weirdness & Mutations

You have temporarily grown beastly horns and talons.
You are too large for most types of armour.
You have tough skin. (AC +1)


Message History

Okay, then.
The giant cockroach closely misses you.
The giant cockroach bites you but does no damage.
A hobgoblin comes into view.
The hobgoblin shouts!
The kobold hits you with a +2 whip of freezing.
* * * LOW HITPOINT WARNING * * *
The kobold freezes you.
* * * LOW HITPOINT WARNING * * *
The hobgoblin barely misses you.
The hobgoblin hits you but does no damage.
A bat comes into view.
The bat barely misses you. x2; The bat hits you.
* * * LOW HITPOINT WARNING * * *
You hit the bat.
You kill the bat!
The kobold closely misses you.
A bat comes into view.
Casting: Beastly Appendage (safe; 11% risk of failure)
Confirm with . or Enter, or press ? or * to list all spells.
You grow a pair of large bovine horns.
Your feet morph into talons.
Your transformation is almost over.
The bat closely misses you.
The kobold hits you with a +2 whip of freezing.
* * * LOW HITPOINT WARNING * * *
The kobold freezes you.
* * * LOW HITPOINT WARNING * * *
The bat hits you but does no damage. The bat hits you.
* * * LOW HITPOINT WARNING * * *
The bat hits you but does no damage.
You miss the bat. Your kick misses the bat.
The bat hits you but does no damage. The kobold hits you but does no damage.
Unknown command.
The bat barely misses you.
The bat barely misses you. x2; The bat hits you but does no damage.
You hit the bat.
You kill the bat!
The kobold hits you with a +2 whip of freezing.
You die...

#....# #.......#..#
#....# #....$..# .#
#....# #........ .
#....# #......... .)
#....######.......(..
#........B.#####.#....
#.....####.# #.#.....
#.....# #.# #†#
#..Bg.####.# #@#
#........#.# #K#
###.####.#.# #g#
#.B.B....# #.#
######.#######B#
#.....B...#
###########


You could see a giant cockroach, a hobgoblin and a kobold.

Vanquished Creatures
  3 bats (D:1)
  A ball python (D:1)
  A rat (D:1)
5 creatures vanquished.

Notes
Turn   | Place    | Note
-------+----------+-------------------------------------------
     0 | D:1      | Zeld the Ogre Transmuter began the quest for the Orb.
     0 | D:1      | Reached XP level 1. HP: 19/19 MP: 3/3
   160 | D:1      | Slain by a kobold

Illustrated notes

Levels and vault maps discovered:
D:1:      shiori_arrival_elements, layout_basic, columned_hall_lemuel

Action                   || total
-------------------------++-------
Melee: Unarmed           ||    13
       Punch             ||     1
 Cast: Beastly Appendage ||     4
Armor: Robe              ||    12
Dodge: Dodged            ||    17
